 Dungeon Crawl Stone Soup version 0.30-a0-374-g95c0257040 (webtiles) character file.

Game seed: 1944828305505485311

18 qeuew the Shield-Bearer (level 2, -4/24 HPs)
             Began as a Formicid Fighter on Nov 26, 2022.
             Slain by a gnoll
             ... wielding a +0 flail
              (8 damage)
             ... on level 2 of the Dungeon.
             The game lasted 00:00:50 (659 turns).

qeuew the Shield-Bearer (Formicid Fighter)           Turns: 659, Time: 00:00:51

Health: -4/24      AC:  7    Str: 20    XL:     2   Next: 90%
Magic:  2/2        EV:  9    Int:  7    God:
Gold:   115        SH:  5    Dex: 13    Spells: 1/1 levels left

rFire   . . .      SeeInvis +    a - +0 war axe
rCold   . . .      Faith    .    c - +0 buckler
rNeg    . . .      Spirit   .    b - +1 scale mail
rPois   .          Reflect  .    (helmet unavailable)
rElec   .          Harm     .    (no cloak)
rCorr   .          Rampage  .    (no gloves)
Will    .....                    (no boots)
Stlth   ..........               (no amulet)
HPRegen 0.24/turn                (no ring)
MPRegen 0.08/turn                (no ring)

@: no status effects
A: permanent stasis, dig shafts and tunnels, antennae 3, four strong arms
a: Dig, Shaft Self


You were on level 2 of the Dungeon.
You visited 1 branch of the dungeon, and saw 2 of its levels.

You collected 115 gold pieces.

Inventory:

Hand Weapons
 a - a +0 war axe (weapon)
Armour
 b - a +1 scale mail (worn)
 c - a +0 buckler (worn)
Potions
 d - a potion of might


   Skills:
 * Level 3.6 Fighting
 + Level 2.1 Axes
 * Level 3.6 Armour
 + Level 0.4 Dodging
 + Level 4.2 Shields


You had one spell level left.
You didn't know any spells.
Your spell library was empty.

Dungeon Overview and Level Annotations

Branches:
Dungeon (2/15)

Altars:


Innate Abilities, Weirdness & Mutations

You cannot be hasted, slowed, berserked, paralysed or teleported.
You can dig through walls and to a lower floor.
You have a pair of large antennae on your head. (SInv)
Your four strong arms can wield two-handed weapons with a shield.


Message History

You are held in a net!
You are held in a net!
You are held in a net!
You are held in a net!
You are held in a net!
You are held in a net!
You are held in a net!
You are held in a net!
You are held in a net!
You are held in a net!
You are held in a net!
You are held in a net!
You are held in a net!
Unknown command.
You struggle against the net.
The gnoll barely misses you.
You struggle against the net.
The gnoll hits you with a +0 halberd. The gnoll hits you but does no damage.
You struggle against the net.
The gnoll barely misses you. The gnoll hits you with a +0 whip.
You struggle against the net.
The gnoll hits you with a +0 halberd. The gnoll barely misses you.
You shred the net and break free! The gnoll closely misses you. x2
You slash the gnoll!
You kill the gnoll!
You completely miss the gnoll. You barely miss the gnoll.
The gnoll barely misses you. You block the gnoll's attack.
A goblin comes into view. It is wielding a +0 dagger.
The gnoll hits you with a +0 whip. The gnoll closely misses you. x2
Unknown command.
You completely miss the gnoll. You barely miss the gnoll.
The goblin shouts!
You hit the gnoll but do no damage. The gnoll hits you with a +0 whip.
* * * LOW HITPOINT WARNING * * *
The gnoll barely misses you. The gnoll closely misses you.
Unknown command.
You hit the gnoll but do no damage. You completely miss the gnoll.
You hit the gnoll.
A giant cockroach comes into view.
The gnoll hits you with a +0 flail!
You die...

###. #.. . ....#####.#
#.## . .....##.# #... #.
.>..##.# ######## #.#
#.>##.# #....... #...
#..##.###.......
###...###...............
B?g>..g)...##...........
##...g@##.##.####....).
##.$g###.##.# #......
#... #.##.# #......
..... #<#..# ####.##
....... #.#..# #.#
####.#. #.#..# ... #.#.
#..# #.## #.#. ...


You could see 3 gnolls, a giant cockroach (wandering) and a goblin.

Vanquished Creatures
  A gnoll (D:2)
  2 ball pythons (D:1)
  A goblin (D:1)
  A hobgoblin (D:1)
  A kobold (D:2)
  A bat (D:1)
  A frilled lizard (D:1)
  A rat (D:1)
9 creatures vanquished.

Notes
Turn   | Place    | Note
-------+----------+-------------------------------------------
     0 | D:1      | qeuew the Formicid Fighter began the quest for the Orb.
     0 | D:1      | Reached XP level 1. HP: 18/18 MP: 1/1
   400 | D:1      | Reached XP level 2. HP: 24/24 MP: 2/2
   659 | D:2      | Slain by a gnoll

Illustrated notes

Levels and vault maps discovered:
D:1:      lordsloth_arrival_two_stooges, layout_loops_ring,
          serial_park_tiny_pond
D:2:      layout_loops_ring, basic_altar, serial_shops,
          nicolae_shop_behind_doors, grunt_decor_fettered

Action                   || total
-------------------------++-------
Melee: War axe           ||    27
  Use: Scroll            ||     4
       Potion            ||     3
Armor: Scale mail        ||    11
Dodge: Dodged            ||    23
Block: Buckler           ||    12

Table legend: (Time is in decaauts)
 A = Elapsed time spent in this place.
 B = Non-inter-level travel time spent in this place.
 C = Inter-level travel time spent in this place.
 D = Time resting spent in this place.
 E = Time spent auto-exploring this place.
 F = Levels seen in this place.
 G = Mean time per level.
                   A        B        C        D        E       F      G
               +--------+--------+--------+--------+--------+-----+--------+
         Total |    669 |    639 |     30 |      0 |    543 |   2 |  334.5 |
       Dungeon |    669 |    639 |     30 |      0 |    543 |   2 |  334.5 |
               +--------+--------+--------+--------+--------+-----+--------+

Top non-repeatable levels by time:
     D:1: 633 daAuts
     D:2: 36 daAuts
